 Dungeon Crawl Stone Soup version 0.18.1-5-g4a78601 (webtiles) character file.

5280 Liquid the Transmogrifier (level 10, -5/86 HPs)
             Began as a Mottled Draconian Transmuter on May 11, 2016.
             Was a Believer of Makhleb.
             Slain by an orc warrior
             ... wielding a +0 battleaxe
              (20 damage)
             ... on level 9 of the Dungeon.
             The game lasted 00:44:39 (10965 turns).

Liquid the Transmogrifier (DrTm)                   Turns: 10965, Time: 00:44:40

Health: -5/86      AC:  9    Str: 13    XL:     10   Next: 37%
Magic:  12/19      EV: 14    Int: 16    God:    Makhleb [**....]
Gold:   534        SH:  5    Dex: 12    Spells: 3 memorised, 15 levels left

rFire  . . .     SeeInvis +     y - +0 whip (elec)
rCold  + . .     Gourm    .     (armour unavailable)
rNeg   . . .     Faith    .     d - +1 buckler
rPois  .         Spirit   .     (helmet restricted)
rElec  .         Dismiss  .     C - +0 cloak
rCorr  .         Reflect  .     k - +0 pair of gloves
SustAt .         Harm     .     (no boots)
MR     .....                    x - amulet of regeneration
Stlth  +.........               s - ring of protection from cold
                                G - ring of see invisible

@: not resistant to hostile enchantments, very unstealthy
A: breathe sticky flame splash, unfitting armour, horns 1, cold-blooded, AC +7
a: Breathe Sticky Flame, Minor Destruction, Renounce Religion


You were on level 9 of the Dungeon.
You worshipped Makhleb.
Makhleb was pleased with you.
You were very hungry.

You visited 2 branches of the dungeon, and saw 10 of its levels.

You collected 534 gold pieces.

Inventory:

Hand Weapons
 e - a +0 blowgun
 q - a +0 spear of venom
 r - a +0 mace
 y - a +0 whip of electrocution (weapon)
Missiles
 o - 29 poisoned needles
 t - 76 arrows
 D - a throwing net (quivered)
Armour
 d - a +1 buckler (worn)
 k - a +0 pair of gloves (worn)
 C - a +0 cloak (worn)
Jewellery
 p - an uncursed ring of positive energy
 s - a ring of protection from cold (right hand)
 x - an amulet of regeneration (around neck)
 G - a ring of see invisible (left hand)
 L - the ring "Miyptyi" {Int+5 Slay+3 SInv, unknown}
   (You found it on level 9 of the Dungeon)

   [ring of slaying]

   It affects your intelligence (+5).
   It affects your accuracy and damage with ranged weapons and melee attacks
   (+3).
   It lets you see invisible.
Wands
 B - a wand of flame (22/48)
 F - a wand of confusion (22/48)
Scrolls
 f - 8 scrolls of identify
 m - 4 scrolls of remove curse
 n - 2 scrolls of enchant armour
 u - a scroll of fog
 v - a scroll of teleportation
 I - a scroll of magic mapping
 J - a scroll of fear
Potions
 a - 2 potions of lignification
 g - 2 potions of flight
 h - a potion of haste
 j - a potion of cancellation
 l - 2 potions of curing
 w - a potion of agility {unknown}
 A - a potion of magic
 H - a potion of ambrosia {unknown}
Books
 b - a book of Changes

   Spells                             Type                      Level
   a - Beastly Appendage              Transmutation                1
   b - Sticks to Snakes               Transmutation                2
   c - Spider Form                    Transmutation/Poison         3
   d - Ice Form                       Ice/Transmutation            4
   e - Blade Hands                    Transmutation                5
 z - a book of Unlife

   Spells                             Type                      Level
   a - Recall                         Summoning/Translocation      3
   b - Animate Dead                   Necromancy                   4
   c - Control Undead                 Necromancy                   4
   d - Cigotuvi's Embrace             Necromancy                   5
   e - Death Channel                  Necromancy                   6
   f - Simulacrum                     Ice/Necromancy               6
Comestibles
 c - 11 bread rations
 i - a royal jelly
 E - 7 beef jerkies
 K - a meat ration


   Skills:
 + Level 7.4 Fighting
 + Level 5.7 Dodging
 - Level 3.1 Shields
 - Level 3.9 Unarmed Combat
 - Level 6.0 Spellcasting
 * Level 10.0 Transmutations
 + Level 2.1 Invocations


You had 15 spell levels left.
You knew the following spells:

 Your Spells              Type           Power        Failure   Level  Hunger
a - Beastly Appendage     Trmt           #####.       1%          1    None
b - Sticks to Snakes      Trmt           #####...     1%          2    #......
c - Spider Form           Trmt/Pois      ###.......   8%          3    ##.....


Dungeon Overview and Level Annotations

Branches:
Dungeon (9/15)             Temple (1/1) D:7            Lair (0/8) D:8
    Orc (0/2) D:9

Altars:
Ashenzari
Cheibriados
Dithmenos
Fedhas
Gozag
Kikubaaqudgha
Makhleb
Nemelex Xobeh
Pakellas
Qazlal
Sif Muna
Trog
Vehumet
Xom
Yredelemnul
Zin
The Shining One

Shops:
D:6 =   D:7 =   D:8 *

Annotations:
D:9 Erolcha


Innate Abilities, Weirdness & Mutations

You can spit globs of burning liquid.
You can ignite nearby creatures when you spit burning liquid.
Your weird mottled scales are hard (AC +7).
Your body does not fit into most forms of armour.
You are cold-blooded and may be slowed by cold attacks.
You have a pair of small horns on your head.


Message History

The orc warrior hits you but does no damage.
The hippogriff bites you.
* * * LOW HITPOINT WARNING * * *
The hippogriff pecks you.
* * * LOW HITPOINT WARNING * * *
The hippogriff claws you.
* * * LOW HITPOINT WARNING * * *
The hippogriff bites you but does no damage.
The hippogriff pecks you but does no damage.
The hippogriff misses you.
You bump into the rock wall.
You feel less confused. The orc priest completely misses you.
The orc wizard casts a spell.
The orc wizard flickers and vanishes for a moment.
The hippogriff misses you.
The hippogriff pecks you but does no damage.
The hippogriff claws you but does no damage.
The orc warrior hits you with a battleaxe!!
You die...

#...............o.#####
#...#.#.###....H.)....#
##......# #.#####†###.#
#.##.### #.# #.# #.# ###
###.#..O####.## #H# #.# ..
..............## #.###o#
#.###.#..#.[.##Oo...###..##o#
..S..# #......aHo.........#.#
<# #..##.###o@...####..#.#
#.# #.. ..>####..........#.#
## #...#.......>........#.#
.. ### ###...........# .
#.######..### #.# #..#
#.######..# ..........#
..........#


You could see Erolcha, a hippogriff, an orc warrior, a worker ant, an orc priest
and an orc wizard (invisible).

Vanquished Creatures
  Pikel (D:6)
  A manticore (D:8)
  Maurice (D:8)
  Psyche (D:8)
  Prince Ribbit (D:6)
  Sigmund (D:6)
  Eustachio (D:6)
  A wyvern (D:8)
  A hungry ghost (D:8)
  Duvessa (D:5)
  2 water moccasins
  An orc warrior (D:7)
  A sky beast (D:5)
  2 ice beasts
  2 ogres (D:8)
  A necrophage (D:5)
  4 centaurs
  A giant frog (D:7)
  A gnoll sergeant (D:7)
  Dowan (D:5)
  A scorpion (D:8)
  8 killer bees
  5 wights (D:7)
  3 crimson imps
  A gnoll shaman (D:8)
  A jelly (D:7)
  3 orc priests
  A centaur skeleton (D:4)
  5 hounds
  11 orc wizards
  2 iguanas
  A worker ant (D:3)
  A hound skeleton (D:7)
  7 gnolls
  A howler monkey skeleton (D:9)
  8 adders
  An adder skeleton (D:5)
  4 worms
  4 dart slugs
  5 giant geckos
  28 orcs
  2 bats
  4 giant cockroaches
  7 goblins
  6 hobgoblins
  9 jackals
  10 kobolds
  A quokka (D:3)
  5 ball pythons
  4 giant newts
  6 rats
181 creatures vanquished.

Vanquished Creatures (collateral kills)
  Menkaure (D:4)
  A killer bee (D:9)
  A quasit (D:7)
  3 orc priests
  Ijyb (D:3)
  A worker ant (D:8)
  2 orc wizards (D:5)
  3 adders
  7 gnolls
  A giant gecko (D:2)
  9 orcs
  2 bats (D:2)
  A giant cockroach (D:4)
  A quokka (D:3)
  A jackal skeleton (D:6)
  A kobold (D:3)
  2 rats
38 creatures vanquished.

Vanquished Creatures (others)
  A hippogriff (D:8)
  A slave (D:6)
  A worker ant (D:6)
  An adder skeleton (D:8)
  An adder zombie (D:8)
  A giant cockroach (D:6)
6 creatures vanquished.

Grand Total: 225 creatures vanquished

Notes
Turn   | Place    | Note
--------------------------------------------------------------
     0 | D:1      | Liquid the Draconian Transmuter began the quest for the Orb.
     0 | D:1      | Reached XP level 1. HP: 16/16 MP: 3/3
   664 | D:1      | Reached XP level 2. HP: 20/23 MP: 0/5
   720 | D:1      | Learned a level 2 spell: Sticks to Snakes
   782 | D:1      | Reached skill level 1 in Shields
  1543 | D:1      | Reached XP level 3. HP: 28/28 MP: 4/6
  2058 | D:2      | Learned a level 3 spell: Spider Form
  2366 | D:2      | Reached skill level 3 in Transmutations
  2450 | D:2      | Found a shimmering altar of Xom.
  2556 | D:2      | Reached XP level 4. HP: 21/35 MP: 5/7
  3605 | D:3      | Found a snail-covered altar of Cheibriados.
  3864 | D:3      | Reached XP level 5. HP: 34/42 MP: 2/9
  4420 | D:3      | Noticed Ijyb
  4429 | D:3      | Killed Ijyb
  4762 | D:3      | Reached skill level 4 in Transmutations
  5222 | D:4      | Noticed Menkaure
  5277 | D:4      | Reached XP level 6. HP: 25/50 MP: 9/11
  5370 | D:4      | Killed Menkaure
  5562 | D:4      | Found an ancient bone altar of Kikubaaqudgha.
  5900 | D:4      | Your scales start taking on a weird mottled colour.
  5900 | D:4      | Reached XP level 7. HP: 44/57 MP: 12/12
  5906 | D:4      | Reached skill level 5 in Transmutations
  6055 | D:5      | Entered Level 5 of the Dungeon
  6143 | D:5      | Noticed Dowan
  6149 | D:5      | Noticed Duvessa
  6161 | D:5      | Killed Duvessa
  6167 | D:5      | Killed Dowan
  6389 | D:5      | Reached skill level 6 in Transmutations
  6421 | D:5      | Reached XP level 8. HP: 9/67 MP: 14/14
  7775 | D:6      | Noticed Pikel
  7787 | D:6      | Killed Pikel
  7787 | D:6      | Reached skill level 5 in Fighting
  7787 | D:6      | Reached skill level 5 in Spellcasting
  7787 | D:6      | Reached skill level 7 in Transmutations
  8000 | D:6      | Found Keaps's Jewellery Emporium.
  8022 | D:6      | Found a blossoming altar of Fedhas.
  8070 | D:6      | Noticed Prince Ribbit
  8070 | D:6      | Noticed Sigmund
  8085 | D:6      | Killed Prince Ribbit
  8085 | D:6      | Reached XP level 9. HP: 64/74 MP: 5/16
  8102 | D:6      | Killed Sigmund
  8331 | D:6      | Reached skill level 8 in Transmutations
  8365 | D:6      | Noticed Eustachio
  8380 | D:6      | Killed Eustachio
  8744 | D:7      | Gained mutation: You have a pair of small horns on your head. [potion of mutation]
  8744 | D:7      | Gained mutation: You have large cloven feet. [potion of mutation]
  8744 | D:7      | Lost mutation: You have large cloven feet. [potion of mutation]
  8766 | D:7      | Found a bloodstained altar of Trog.
  8779 | D:7      | Found a basalt altar of Yredelemnul.
  8780 | D:7      | Found a sparkling altar of Nemelex Xobeh.
  8784 | D:7      | Found an opulent altar of Gozag.
  8855 | D:7      | Found a shadowy altar of Dithmenos.
  8935 | D:7      | Found a staircase to the Ecumenical Temple.
  8945 | Temple   | Entered the Ecumenical Temple
  8983 | Temple   | Became a worshipper of Makhleb the Destroyer
  9220 | D:7      | Found a shattered altar of Ashenzari.
  9471 | D:7      | Found Vedysm's Jewellery Boutique.
  9767 | D:7      | Reached * piety under Makhleb
  9767 | D:7      | Reached skill level 5 in Dodging
  9787 | D:7      | Reached skill level 9 in Transmutations
  9869 | D:8      | Noticed Maurice
  9878 | D:8      | Killed Maurice
  9921 | D:8      | Found Kaunugotz's General Store.
 10003 | D:8      | Noticed Psyche
 10011 | D:8      | Killed Psyche
 10011 | D:8      | Reached XP level 10. HP: 84/84 MP: 16/19
 10026 | D:8      | Found a staircase to the Lair.
 10179 | D:8      | Noticed a manticore
 10204 | D:8      | Killed a manticore
 10446 | D:8      | Reached skill level 1 in Invocations
 10544 | D:8      | Found a radiant altar of Vehumet.
 10576 | D:8      | Reached ** piety under Makhleb
 10703 | D:9      | Noticed Erolcha
 10831 | D:9      | Reached skill level 10 in Transmutations
 10868 | D:9      | Found a staircase to the Orcish Mines.
 10889 | D:9      | Got a pitted turquoise ring
 10965 | D:9      | Slain by an orc warrior

Skill      XL: |  1  2  3  4  5  6  7  8  9 10 |
---------------+-------------------------------+-----
Shields        | 1 2 3 |  3.1
Transmutations | 3 4 6 7 9 10 | 10.0
Fighting       | 2 3 4 5 6 7 |  7.4
Spellcasting   | 3 4 5 6 |  6.0
Dodging        | 2 4 5 |  5.7
Invocations    | 2 |  2.1
Unarmed Combat | |  3.9

Action                   |  1- 3 |  4- 6 |  7- 9 | 10-12 || total
-------------------------+-------+-------+-------+-------++-------
Melee: Unarmed           |   157 |    41 |       |       ||   198
       Kick              |     9 |    10 |       |       ||    19
       Tailslap          |    15 |    22 |    24 |    17 ||    78
       Headbutt          |     2 |       |    18 |    20 ||    40
       Short sword       |       |    42 |       |       ||    42
       Mace              |       |   161 |       |       ||   161
       Spear             |       |    20 |   144 |       ||   164
       Whip              |       |       |   139 |   145 ||   284
 Fire: Blowgun           |       |     2 |       |       ||     2
Throw: Throwing net      |       |     1 |       |       ||     1
 Cast: Beastly Appendage |    29 |    12 |       |       ||    41
       Sticks to Snakes  |     3 |    25 |    33 |    23 ||    84
       Spider Form       |       |     2 |       |       ||     2
 Abil: End Transformatio |       |     1 |       |       ||     1
       Breathe Sticky Fl |       |       |    26 |     6 ||    32
  Use: Potion            |     2 |       |     2 |     1 ||     5
       Scroll            |     1 |    10 |     7 |     1 ||    19
 Stab: Distracted        |       |     1 |     1 |       ||     2
       Sleeping          |       |       |       |     1 ||     1
  Eat: Chunk             |     6 |    11 |    12 |     7 ||    36
       Royal jelly       |       |     1 |       |       ||     1
       Meat ration       |       |       |     1 |       ||     1
       Pizza             |       |       |     1 |       ||     1
Armor: Skin              |    40 |    91 |    78 |    67 ||   276
Dodge: Dodged            |    92 |   161 |   140 |   152 ||   545
Block: Buckler           |    27 |    71 |    82 |    44 ||   224
